 Dungeon Crawl Stone Soup version 0.30-a0-12-gd8047c6341 (webtiles) character file.

Game seed: 18366690419255011732

757 Newt the Shield-Bearer (level 8, -1/56 HPs)
             Began as a Djinni Fighter on Aug 23, 2022.
             Was a Priest of Qazlal.
             Slain by a black bear (2 damage)
             ... on level 4 of the Dungeon.
             The game lasted 00:07:10 (5296 turns).

Newt the Shield-Bearer (Djinni Fighter)             Turns: 5296, Time: 00:07:11

Health: -1/56      AC:  9    Str: 23    XL:     8   Next: 7%
Gold:   124        EV:  9    Int:  9    God:    Qazlal [***...] SH: 11 Dex: 14

rFire   + + .      SeeInvis .    a - +0 rapier
rCold   x . .      Faith    .    c - +1 buckler
rNeg    . . .      Spirit   .    b - +0 scale mail
rPois   ∞          Reflect  .    (no helmet)
rElec   .          Harm     .    g - +0 cloak
rCorr   .          Rampage  .    h - +0 pair of gloves
Will    .....                    (boots unavailable)
Stlth   +.........               (no amulet)
HPRegen 0.18/turn                k - +6 ring of strength
MPRegen 0.00/turn                (no ring)

@: flying
A: sickness immunity, fire resistance 2, cold vulnerability 1, float, innate
caster, HP casting, extra vitality 1
a: Renounce Religion, Upheaval, Elemental Force


You were on level 4 of the Dungeon.
You worshipped Qazlal.
Qazlal was most pleased with you.
You visited 1 branch of the dungeon, and saw 4 of its levels.
You also visited: Sewer.

You collected 124 gold pieces.

Inventory:

Hand Weapons
 a - a +0 rapier (weapon)
Armour
 b - a +0 scale mail (worn)
 c - a +1 buckler (worn)
 g - a +0 cloak (worn)
 h - a +0 pair of gloves (worn)
Jewellery
 k - a +6 ring of strength (left hand)
Potions
 d - a potion of brilliance {unknown}
 e - a potion of heal wounds {unknown}
 f - a potion of curing {unknown}
 i - a potion of mutation {unknown}
 j - a potion of flight {unknown}


   Skills:
 - Level 3.0 Fighting
 + Level 4.4 Short Blades
 - Level 3.0 Armour
 - Level 2.0 Stealth
 - Level 5.0 Shields
 - Level 5.0 Invocations


You had one spell level left.
You knew the following spells:

 Your Spells              Type           Power      Damage    Failure   Level
a - Sandblast             Erth           0%         2d4       78%         1
b - Poisonous Vapours     Pois/Air       0%         N/A       89%         2
c - Ignite Poison         Fire/Tmut/Pois 0%         N/A       98%         3
Your spell library was empty.

Dungeon Overview and Level Annotations

Branches:
Dungeon (4/15)              Sewer (visited)
 Temple: D:4-7

Altars:
Elyvilon
Qazlal

Shops:
D:3 =


Innate Abilities, Weirdness & Mutations

You are immune to sickness and miasma.
You are immune to poison.
Your flesh is very heat resistant. (rF++)
You are vulnerable to cold. (rC-)
You float through the air rather than walking.
You learn spells naturally, not from books.
Your magical power is your life essence.
You have superior vitality. (+4 MHP)


Message History

You closely miss the black bear.
The black bear is severely wounded.
The black bear bites you.
The black bear claws you but does no damage. x2
You hit the black bear but do no damage.
The black bear is severely wounded.
The black bear barely misses you. You block the black bear's attack.
The black bear closely misses you.
You hit the black bear.
The black bear is severely wounded.
The black bear closely misses you. You block the black bear's attack.
The black bear misses you.
You barely miss the black bear.
The black bear is severely wounded.
The black bear goes berserk!
You hit the black bear.
The black bear is severely wounded.
The black bear bites you. You block the black bear's attack.
The black bear completely misses you.
You barely miss the black bear.
The black bear is severely wounded.
The black bear bites you. You block the black bear's attack. x2
The black bear bites you. The black bear claws you.
* * * LOW HITPOINT WARNING * * *
You block the black bear's attack.
You hit the black bear.
The black bear is almost dead.
You block the black bear's attack. x2; The black bear claws you.
* * * LOW HITPOINT WARNING * * *
Unknown command.
You barely miss the black bear.
The black bear is almost dead.
You block the black bear's attack.
The black bear claws you but does no damage.
The black bear closely misses you. The black bear bites you!
* * * LOW HITPOINT WARNING * * *
The black bear claws you.
* * * LOW HITPOINT WARNING * * *
The black bear claws you.
You die...

#.###.#.# ####.#
#.# #.#.# #.# #.#
#.#.# #.# #.#
#.#.# #+#
#.###.#.#
#.......# #.###
#####.###
......#####...####
......h@..†......+
#.###.#####...####
# ##.## #.# #.#
#.# #.. #.


You could see a black bear (berserk).

Vanquished Creatures
  A water moccasin (D:3)
  A phantom (D:4)
  2 kobold brigands (Sewer)
  A hound (D:2)
  Jessica (D:2)
  3 orc wizards
  A river rat (Sewer)
  18 adders
  3 worms
  4 dart slugs
  7 orcs
  6 ball pythons
  8 bats
  5 endoplasms
  8 giant cockroaches
  6 goblins
  10 hobgoblins
  5 jackals (Sewer)
  9 quokkas
  6 frilled lizards
  8 kobolds
  10 rats
123 creatures vanquished.

Vanquished Creatures (others)
  3 demonic plants (D:1)
  12 fungi (D:1)
  17 plants
  A withered plant (D:1)
33 creatures vanquished.

Grand Total: 156 creatures vanquished

Notes
Turn   | Place    | Note
-------+----------+-------------------------------------------
     0 | D:1      | Newt the Djinni Fighter began the quest for the Orb.
     0 | D:1      | Reached XP level 1. HP: 20/20 MP: 0/0
    45 | D:1      | Reached skill level 1 in Stealth
    50 | D:1      | Reached XP level 2. HP: 20/25 MP: 0/0
   598 | D:1      | Found a faded altar of an unknown god.
   730 | D:1      | Prayed at the altar of an unknown god.
   730 | D:1      | Became a worshipper of Qazlal Stormbringer
   730 | D:1      | Reached * piety under Qazlal
   741 | D:1      | Reached XP level 3. HP: 30/30 MP: 0/0
   741 | D:1      | Learned a level 1 spell: Sandblast
  1591 | D:2      | Reached XP level 4. HP: 31/35 MP: 0/0
  1626 | D:2      | HP: 1/52 [worm (6)]
  2189 | D:2      | Reached ** piety under Qazlal
  2404 | D:2      | Reached XP level 5. HP: 36/40 MP: 0/0
  2404 | D:2      | Learned a level 2 spell: Poisonous Vapours
  2632 | D:2      | Found a white marble altar of Elyvilon.
  2762 | D:2      | Noticed Jessica
  2773 | D:2      | Killed Jessica
  2774 | D:2      | Reached XP level 6. HP: 35/46 MP: 0/0
  2957 | D:3      | Identified the +3 quarterstaff of Voosir {holy, Fragile
                  | +Blink rC+}
  3155 | D:3      | Noticed a water moccasin
  3162 | D:3      | Killed a water moccasin
  3163 | D:3      | Reached skill level 5 in Shields
  3163 | D:3      | Reached skill level 1 in Invocations
  3381 | D:3      | Reached XP level 7. HP: 48/50 MP: 0/0
  3381 | D:3      | Learned a level 3 spell: Ignite Poison
  3423 | D:3      | Found a glowing drain.
  3428 | Sewer    | Entered a sewer
  3639 | Sewer    | Reached *** piety under Qazlal
  4412 | D:3      | Found Detuk's Jewellery Shoppe.
  4926 | D:4      | Reached skill level 5 in Invocations
  5124 | D:4      | Reached XP level 8. HP: 37/56 MP: 0/0
  5296 | D:4      | HP: 1/56 [black bear (3)]
  5296 | D:4      | Slain by a black bear

Illustrated notes

Levels and vault maps discovered:
D:1:      lightli_arrival_windingriver, layout_loops_ring,
          shapermc_ecumenical_altar_gd, serial_park_tiny_pond,
          chequers_decorated_corner, minmay_vboxes
D:2:      layout_rooms, basic_altar, uniq_jessica
D:3:      layout_loops_ring, serial_shops, shop, gup_sewer_entry_pipe
D:4:      layout_loops_corners, mainiacjoe_overflow_cross_hatched,
          kennysheep_mini, dk_noncrumbling_2

Skill      XL: |  1  2  3  4  5  6  7 |
---------------+----------------------+-----
Stealth        | 1 2 |  2.0
Short Blades   | 2 3 4 |  4.4
Shields        | 4 5 |  5.0
Invocations    | 2 5 |  5.0
Fighting       | |  3.0
Armour         | |  3.0

Action                   |  1- 3 |  4- 6 |  7- 9 || total
-------------------------+-------+-------+-------++-------
Melee: Rapier            |   151 |   224 |   315 ||   690
  Use: Scroll            |     1 |     2 |     3 ||     6
       Potion            |       |     2 |       ||     2
Armor: Scale mail        |    97 |    86 |   122 ||   305
Dodge: Dodged            |    61 |    82 |   100 ||   243
Block: Buckler           |    57 |    72 |   156 ||   285

Table legend: (Time is in decaauts)
 A = Elapsed time spent in this place.
 B = Non-inter-level travel time spent in this place.
 C = Inter-level travel time spent in this place.
 D = Time resting spent in this place.
 E = Time spent auto-exploring this place.
 F = Levels seen in this place.
 G = Mean time per level.
                   A        B        C        D        E       F      G
               +--------+--------+--------+--------+--------+-----+--------+
         Total |   5349 |   5084 |    265 |   1162 |   2766 |   5 | 1069.8 |
       Dungeon |   4409 |   4144 |    265 |   1162 |   2047 |   4 | 1102.2 |
         Sewer |    939 |    939 |      0 |      0 |    719 |   1 |  939.0 |
               +--------+--------+--------+--------+--------+-----+--------+

Top non-repeatable levels by time:
     D:1: 1600 daAuts
     D:2: 1379 daAuts
     D:3: 1021 daAuts
   Sewer: 939 daAuts
     D:4: 408 daAuts
